 Dungeon Crawl Stone Soup version 0.28-a0-793-g31680bbd8b (webtiles) character file.

Game seed: 17700436463493132957

32 croobank the Magician (level 3, 0/19 HPs)
             Began as a Deep Elf Hedge Wizard on Nov 4, 2021.
             Frozen to death by an endoplasm (4 damage)
             ... on level 3 of the Dungeon.
             The game lasted 00:09:42 (1688 turns).

croobank the Magician (Deep Elf Hedge Wizard)       Turns: 1688, Time: 00:09:44

Health: 0/19       AC:  6    Str:  8    XL:     3   Next: 10%
Magic:  8/11       EV: 13    Int: 18    God:
Gold:   29         SH:  0    Dex: 14    Spells: 11/12 levels left

rFire   . . .      SeeInvis .   a - +1 dagger
rCold   . . .      Faith    .   (no shield)
rNeg    . . .      Spirit   .   b - +0 robe
rPois   .          Reflect  .   c - +0 hat
rElec   .          Harm     .   (no cloak)
rCorr   .          Rampage  .   (no gloves)
Will    .....                   (no boots)
Stlth   ++........              f - amulet of magic regeneration
HPRegen 0.06/turn               h - +4 ring of protection
MPRegen 0.37/turn               (no ring)

@: brilliant
A: no striking features
a: no special abilities


You were on level 3 of the Dungeon.
You visited 1 branch of the dungeon, and saw 3 of its levels.

You collected 29 gold pieces.

Inventory:

Hand Weapons
 a - a +1 dagger (weapon)
Missiles
 d - 19 stones
Armour
 b - a +0 robe (worn)
 c - a +0 hat (worn)
Jewellery
 f - an amulet of magic regeneration (around neck)
 h - a +4 ring of protection (left hand)
Scrolls
 e - a scroll of fear
 i - a scroll of identify {unknown}


   Skills:
 + Level 0.1 Short Blades
 + Level 2.9 Dodging
 + Level 2.6 Stealth
 + Level 5.4 Spellcasting
 + Level 1.3 Conjurations
 + Level 1.1 Summonings
 + Level 1.1 Translocations


You had 11 spell levels left.
You knew the following spells:

 Your Spells              Type           Power      Damage    Failure   Level
a - Magic Dart            Conj           56%        1d5       8%          1

Your spell library contained the following spells:

 Spells                   Type           Power      Damage    Failure   Level
 Blink                    Tloc           26%        N/A       12%         2
 Call Imp                 Summ           13%        N/A       12%         2
 Slow                     Hex            28%        N/A       13%         1
 Passwall                 Tmut/Erth      5%         N/A       19%         2
 Conjure Flame            Conj/Fire      11%        6-21      28%         3
 Mephitic Cloud           Conj/Pois/Air  9%         N/A       32%         3
 Swiftness                Air            7%         N/A       36%         3
 Invisibility             Hex            3%         N/A       100%        6


Dungeon Overview and Level Annotations

Branches:
Dungeon (3/15)

Altars:


Message History

You kill the quokka!
The ball python hisses angrily.
The jackal misses you. The quokka misses you.
The endoplasm jiggles.
The endoplasm barely misses you.
Aiming: Magic Dart (safe; 8% risk of failure)
Press: ? - help, Q - select action, (/) - cycle Shift-Dir - straight line, f - jackal
Aim: a jackal (100% to hit)
You feel a surge of power!
The magic dart hits the jackal.
The jackal is heavily wounded.
The jackal bites you but does no damage.
The jackal barely misses you. The jackal closely misses you.
The quokka bites you.
The jackal bites you but does no damage.
The jackal barely misses you. The endoplasm completely misses you.
The jackal barely misses you.
Aiming: Magic Dart (safe; 8% risk of failure)
Press: ? - help, Q - select action, (/) - cycle Shift-Dir - straight line, f/p - jackal
Aim: a jackal (heavily wounded, 100% to hit)
You feel a surge of power!
The magic dart hits the jackal.
You kill the jackal!
The quokka bites you but does no damage.
The jackal bites you but does no damage.
The jackal barely misses you. The endoplasm freezes you.
You are frozen.
* * * LOW HITPOINT WARNING * * *
The quokka barely misses you.
Aiming: Magic Dart (safe; 8% risk of failure)
Press: ? - help, Q - select action, (/) - cycle Shift-Dir - straight line, f - jackal
Aim: a jackal (100% to hit)
You feel a surge of power!
The magic dart hits the jackal.
The jackal is moderately wounded.
The jackal bites you but does no damage.
The jackal barely misses you. The jackal completely misses you.
A kobold comes into view. It is wielding a +3 short sword.
The quokka bites you but does no damage.
The endoplasm freezes you.
You are frozen.
You die...

# .. .##.
. ....#
.## .....
..#
......#.#
......#g#
#.....hh#
#h@#
......rJ#
.....#..#
.... ..S#
..# ##..#
! ....
....
$K...


You could see an endoplasm, a quokka, 3 jackals, a goblin, a ball python and a
kobold.

Vanquished Creatures
  3 dart slugs (D:1)
  A ball python (D:1)
  6 bats
  3 endoplasms (D:1)
  A giant cockroach (D:1)
  A goblin (D:1)
  A hobgoblin (D:1)
  A jackal (D:3)
  A kobold (D:1)
  2 quokkas
  A frilled lizard (D:2)
  3 rats
24 creatures vanquished.

Notes
Turn   | Place    | Note
-------+----------+-------------------------------------------
     0 | D:1      | croobank the Deep Elf Hedge Wizard began the quest for the
                  | Orb.
     0 | D:1      | Reached XP level 1. HP: 10/10 MP: 7/7
   359 | D:1      | Reached XP level 2. HP: 15/15 MP: 6/9
   764 | D:1      | Reached skill level 5 in Spellcasting
  1099 | D:1      | Found a faded altar of an unknown god.
  1633 | D:2      | Reached XP level 3. HP: 19/19 MP: 11/11
  1688 | D:3      | Frozen to death by an endoplasm

Illustrated notes

Levels and vault maps discovered:
D:1:      tarquinn_simple_flora_water_d, layout_loops_corners,
          shapermc_ecumenical_altar_starsandcircs, grunt_decor_resistance
D:2:      layout_rooms, basic_altar, uniq_robin
D:3:      layout_rooms

Skill      XL: |  1  2 |
---------------+-------+-----
Spellcasting   | 5 |  5.4
Short Blades   | |  0.1
Dodging        | |  2.9
Stealth        | |  2.6
Conjurations   | |  1.3
Summonings     | |  1.1
Translocations | |  1.1

Action                   || total
-------------------------++-------
Melee: Dagger            ||    41
 Cast: Magic Dart        ||    67
  Use: Scroll            ||     2
       Potion            ||     1
 Stab: Sleeping          ||     1
Armor: Robe              ||    26
Dodge: Dodged            ||    63

Table legend: (Time is in decaauts)
 A = Elapsed time spent in this place.
 B = Non-inter-level travel time spent in this place.
 C = Inter-level travel time spent in this place.
 D = Time resting spent in this place.
 E = Time spent auto-exploring this place.
 F = Levels seen in this place.
 G = Mean time per level.
                   A        B        C        D        E       F      G
               +--------+--------+--------+--------+--------+-----+--------+
         Total |   1687 |   1624 |     63 |    256 |   1147 |   3 |  562.3 |
       Dungeon |   1687 |   1624 |     63 |    256 |   1147 |   3 |  562.3 |
               +--------+--------+--------+--------+--------+-----+--------+

Top non-repeatable levels by time:
     D:1: 1601 daAuts
     D:2: 77 daAuts
     D:3: 7 daAuts
